Americans vs Senators
(R1)
Created - April 17, 2025 at 19:44
Goals
|
| Americans |
2 |
0 |
2 |
0 |
1 |
5 |
| Senators |
2 |
1 |
1 |
0 |
0 |
4 |
|
Shots
|
| Americans |
15 |
11 |
11 |
1 |
3 |
38 |
| Senators |
16 |
15 |
8 |
1 |
3 |
40 |
|
1st period
1. Americans , Vladimir Tkachev 22 (Adam Brooks 14) at 2:04
2. Americans , Justin Bailey 22 (Ryan Fitzgerald 40) at 5:34
3. Senators , Vitaly Abramov 30 (Jesse Graham 32) at 7:57
4. Senators , Artem Zub 10 (Kiefer Sherwood 30, Brendan Perlini 1) at 19:56 (PP)
Penalties :
Cliff Pu (Bel) for Interference (Minor) at 1:00, Richard Nejezchleb (Roc) for Interference (Minor) at 1:18, Peyton Krebs (Roc) for Tripping (Minor) at 19:49
2nd period
5. Senators , Kiefer Sherwood 36 (Brendan Perlini 2, Radek Faksa 65) at 19:35
Penalties :
Devon Teows (Roc) for Roughing (Minor) at 14:04
3rd period
6. Americans , Zachary Senyshyn 5 (Richard Nejezchleb 26, Matt Grzelcyk 20) at 12:48
7. Senators , Brendan Perlini 1 (Scott Perunovich 8, Jonas Siegenthaler 27) at 13:02
8. Americans , Ryan Fitzgerald 44 (Richard Nejezchleb 27, Justin Bailey 32) at 14:42 (PP)
Penalties :
Alex Schoenborn (Roc) for Cross-checking (Minor) at 5:59, Scott Perunovich (Bel) for Hooking (Minor) at 14:29, Richard Nejezchleb (Roc) for Cross-checking (Minor) at 17:08
Overtime #1
No Goal
Penalties :
No Penalty
Shootout
Americans, Justin Bailey - Shot Misses the Net
Senators, Radek Faksa - Stopped by Connor Hellebyuk
Americans, Ryan Fitzgerald - Goal!
Senators, Brendan Perlini - Stopped by Connor Hellebyuk
Americans, Adam Brooks - Stopped by Justus Annunen
Senators, C.J Suess - Stopped by Connor Hellebyuk
Penalties :
No Penalty
Goalie Stats
Connor Hellebyuk (Roc), 36 saves from 40 shots - (0.900), W, 30-25-5, 65:00 minutes
Justus Annunen (Bel), 34 saves from 38 shots - (0.895), OTL, 14-6-4, 65:00 minutes
Players Stats for Americans
Player Name G A P +/- PIM S H SB GA TA FO MP PP MP PK MP
------------------------------------------------------------------------------------
Adam Brooks 0 1 1 1 0 1 1 0 0 0 4/4 10:14 0:00 1:13
Alex Schoenborn 0 0 0 0 2 2 2 0 0 1 0/0 12:03 0:00 0:00
Daniel Sprong 0 0 0 0 0 0 2 0 1 0 0/1 14:21 0:00 0:00
Devon Teows 0 0 0 -2 2 1 2 0 0 4 0/0 28:04 0:00 2:51
Dillon Heatherington 0 0 0 -2 0 6 0 0 2 1 0/0 29:51 0:00 4:05
Felix Bibeau 0 0 0 0 0 0 0 0 0 0 0/1 6:22 0:00 0:00
Jacob Larsson 0 0 0 3 0 6 1 4 1 2 0/0 20:11 0:31 2:28
John Leonard 0 0 0 0 0 1 0 0 0 0 0/1 11:50 0:00 0:00
Justin Bailey 1 1 2 -1 0 4 2 0 2 0 2/3 25:42 0:31 3:25
Matt Grzelcyk 0 1 1 3 0 1 0 0 1 2 0/0 19:46 0:31 2:35
Matt Puempel 0 0 0 0 0 0 0 0 0 0 0/0 1:58 0:00 1:44
Michael McCarron 0 0 0 0 0 1 1 0 0 1 5/7 13:23 0:00 0:00
Peyton Krebs 0 0 0 0 2 1 0 0 0 0 8/13 14:59 0:00 0:56
Richard Nejezchleb 0 2 2 -1 4 5 1 1 0 1 0/1 21:15 0:30 0:00
Ryan Fitzgerald 1 1 2 -1 0 2 2 1 1 0 25/53 25:26 0:31 3:24
Spencer Stastney 0 0 0 -1 0 2 1 0 0 1 0/0 14:12 0:00 0:45
Vladimir Tkachev 1 0 1 1 0 3 4 0 0 1 2/4 17:42 0:00 2:02
Xavier Bouchard 0 0 0 -1 0 0 3 4 0 0 0/0 13:11 0:00 0:00
Zachary Senyshyn 1 0 1 0 0 2 0 1 0 0 0/0 6:22 0:00 0:00
Players Stats for Senators
Player Name G A P +/- PIM S H SB GA TA FO MP PP MP PK MP
------------------------------------------------------------------------------------
Akil Thomas 0 0 0 0 0 0 0 0 0 0 1/6 7:34 0:00 0:00
Artem Zub 1 0 1 -1 0 2 0 2 1 1 0/0 29:24 4:01 0:31
Arttu Ruotsalainen 0 0 0 0 0 4 0 0 0 0 3/6 11:32 0:00 0:00
Brendan Perlini 1 2 3 0 0 10 1 0 2 0 2/3 25:07 3:34 0:31
Bryce Kindopp 0 0 0 0 0 0 0 0 0 0 0/0 7:03 0:00 0:00
C.J Suess 0 0 0 0 0 2 2 1 3 0 0/0 19:39 2:48 0:00
Carl Grundstrom 0 0 0 0 0 1 0 0 1 0 1/2 17:19 2:48 0:00
Chase De Leo 0 0 0 0 0 1 2 0 1 2 6/18 18:39 2:48 0:00
Cliff Pu 0 0 0 0 2 1 0 0 0 0 0/0 12:02 0:00 0:00
Corey Shueneman 0 0 0 0 0 0 1 0 1 0 0/0 21:06 2:21 0:00
Jesse Graham 0 1 1 0 0 2 1 3 2 1 0/0 20:16 2:21 0:00
Jonas Siegenthaler 0 1 1 1 0 0 0 1 0 0 0/0 11:41 0:00 0:00
Kiefer Sherwood 1 1 2 1 0 5 1 0 0 0 1/1 22:47 3:34 0:00
Marc Michaelis 0 0 0 0 0 2 2 1 0 1 3/4 13:55 0:00 0:00
Radek Faksa 0 1 1 0 0 4 3 0 0 1 25/47 25:07 3:34 0:31
Scott Perunovich 0 1 1 1 2 0 0 1 0 0 0/0 11:40 0:00 0:00
Vitaly Abramov 1 0 1 0 0 4 0 0 1 0 0/1 7:03 0:00 0:00
Zac Leslie 0 0 0 -1 0 2 0 5 2 2 0/0 30:52 4:01 0:31
3 Stars
1 - Brendan Perlini (Bel)
2 - Vladimir Tkachev (Roc)
3 - Kiefer Sherwood (Bel)
Power Play
Americans - 1 on 2 Attempt(s) - 50.00%
Senators - 1 on 5 Attempt(s) - 20.00%
Penalty Kill
Americans - 4 on 5 Attempt(s) - 80.00%
- Score 0 goal in Penalty Kill
Senators - 1 on 2 Attempt(s) - 50.00%
- Score 0 goal in Penalty Kill
Team Stat
Americans - Hits : 22 - Faceoff Wins : 46 - Blocked Shots : 11 - Penalty Minutes : 10
Senators - Hits : 13 - Faceoff Wins : 42 - Blocked Shots : 14 - Penalty Minutes : 4
Official
Referees : Wes McCauley and TJ Luxmore
Linesman : Vaughan Rody and Steve Barton
Game Notes
No Game Note
Finance
Level 1 -- Attendance: 1926 (96.30%) -- Ticket Income $134,820
Level 2 -- Attendance: 1000 (100.00%) -- Ticket Income $40,000
Total Attendance: 2926 (97.53%)
Total Ticket Income: $174,820
Other Income: $8,741
Total Income: $183,561
Americans
5 vs 5 Forward
Center Left Wing Right Wing Time % Phy DF OF
1 Ryan Fitzgerald Justin Bailey Richard Nejezchleb 40 1 2 2
2 Peyton Krebs Vladimir Tkachev Daniel Sprong 30 1 2 2
3 Michael McCarron John Leonard Alex Schoenborn 20 1 2 2
4 Adam Brooks Felix Bibeau Zachary Senyshyn 10 1 2 2
5 vs 5 Defense
Defense Defense Time % Phy DF OF
1 Dillon Heatherington Devon Teows 40 1 2 2
2 Jacob Larsson Matt Grzelcyk 30 1 2 2
3 Spencer Stastney Xavier Bouchard 20 1 2 2
4 Dillon Heatherington Devon Teows 10 1 2 2
PowerPlay Forward
Center Left Wing Right Wing Time % Phy DF OF
1 Ryan Fitzgerald Justin Bailey Richard Nejezchleb 60 1 2 2
2 Adam Brooks Vladimir Tkachev Daniel Sprong 40 1 2 2
PowerPlay Defense
Defense Defense Time % Phy DF OF
1 Dillon Heatherington Devon Teows 60 1 2 2
2 Jacob Larsson Matt Grzelcyk 40 1 2 2
Penalty Kill 4 Players Forward
Center Wing Time % Phy DF OF
1 Ryan Fitzgerald Justin Bailey 60 1 2 2
2 Adam Brooks Vladimir Tkachev 40 1 2 2
Penalty Kill 4 Players Defense
Defense Defense Time % Phy DF OF
1 Dillon Heatherington Devon Teows 60 1 2 2
2 Jacob Larsson Matt Grzelcyk 40 1 2 2
Penalty Kill - 3 Players Forward
Forward Time % Phy DF OF
1 Ryan Fitzgerald 60 1 2 2
2 Adam Brooks 40 1 2 2
Penalty Kill - 3 Players Defense
Defense Defense Time % Phy DF OF
1 Dillon Heatherington Devon Teows 60 1 2 2
2 Jacob Larsson Matt Grzelcyk 40 1 2 2
4 vs 4 Forward
Center Wing Time % Phy DF OF
1 Ryan Fitzgerald Justin Bailey 60 1 2 2
2 Adam Brooks Vladimir Tkachev 40 1 2 2
4 vs 4 Defense
Defense Defense Time % Phy DF OF
1 Dillon Heatherington Devon Teows 60 1 2 2
2 Jacob Larsson Matt Grzelcyk 40 1 2 2
Last Minutes Offensive
Center Left Wing Right Wing Defense Defense
Ryan Fitzgerald Justin Bailey Richard Nejezchleb Dillon Heatherington Devon Teows
Last Minutes Defensive
Center Left Wing Right Wing Defense Defense
Ryan Fitzgerald Justin Bailey Richard Nejezchleb Dillon Heatherington Devon Teows
Goaltenders
Starting : Connor Hellebyuk
Backup : Peyton Jones
Extra Forwards
Normal : Vladimir Tkachev, Michael McCarron, Daniel Sprong - PP : Vladimir Tkachev, Michael McCarron - PK : Vladimir Tkachev
Extra Defensemen
Normal : Matt Grzelcyk, Spencer Stastney, Xavier Bouchard - PP : Matt Grzelcyk - PK : Matt Grzelcyk, Spencer Stastney
Penalty Shots
Justin Bailey, Ryan Fitzgerald, Adam Brooks, Richard Nejezchleb, Vladimir Tkachev
Custom OT Lines Forwards
Justin Bailey, Ryan Fitzgerald, Adam Brooks, Richard Nejezchleb, Vladimir Tkachev, Michael McCarron, Daniel Sprong, Alex Schoenborn, John Leonard, Zachary Senyshyn
Custom OT Lines Defensemen
Dillon Heatherington, Devon Teows, Jacob Larsson, Matt Grzelcyk, Spencer Stastney
Scratches
Dmitri Semykin (Healthy), Nathan Noel (Healthy), Lauri Pajuniemi (Healthy), Anthony Romano (Healthy), Austin Wong (Healthy)
Christopher Paquette (Healthy), Samuel Bolduc (Healthy), Gianni Fairbrother (Healthy), Daniel Bukac (Healthy), Simon Holmstrom (Healthy)
Senators
5 vs 5 Forward
Center Left Wing Right Wing Time % Phy DF OF
1 Radek Faksa Brendan Perlini Kiefer Sherwood 40 0 2 3
2 Chase De Leo C.J Suess Carl Grundstrom 30 0 2 3
3 Arttu Ruotsalainen Marc Michaelis Cliff Pu 20 1 2 2
4 Akil Thomas Vitaly Abramov Bryce Kindopp 10 1 3 1
5 vs 5 Defense
Defense Defense Time % Phy DF OF
1 Zac Leslie Artem Zub 40 1 2 2
2 Corey Shueneman Jesse Graham 30 1 2 2
3 Jonas Siegenthaler Scott Perunovich 20 1 2 2
4 Zac Leslie Artem Zub 10 1 2 2
PowerPlay Forward
Center Left Wing Right Wing Time % Phy DF OF
1 Radek Faksa Brendan Perlini Kiefer Sherwood 60 0 1 4
2 Chase De Leo C.J Suess Carl Grundstrom 40 0 2 3
PowerPlay Defense
Defense Defense Time % Phy DF OF
1 Zac Leslie Artem Zub 60 0 1 4
2 Corey Shueneman Jesse Graham 40 0 2 3
Penalty Kill 4 Players Forward
Center Wing Time % Phy DF OF
1 Radek Faksa Brendan Perlini 60 1 3 1
2 Chase De Leo C.J Suess 40 1 3 1
Penalty Kill 4 Players Defense
Defense Defense Time % Phy DF OF
1 Zac Leslie Artem Zub 60 1 3 1
2 Corey Shueneman Jesse Graham 40 1 3 1
Penalty Kill - 3 Players Forward
Forward Time % Phy DF OF
1 Radek Faksa 60 1 4 0
2 Chase De Leo 40 1 4 0
Penalty Kill - 3 Players Defense
Defense Defense Time % Phy DF OF
1 Zac Leslie Artem Zub 60 1 4 0
2 Corey Shueneman Jesse Graham 40 1 4 0
4 vs 4 Forward
Center Wing Time % Phy DF OF
1 Radek Faksa Brendan Perlini 60 1 2 2
2 Chase De Leo C.J Suess 40 1 2 2
4 vs 4 Defense
Defense Defense Time % Phy DF OF
1 Zac Leslie Artem Zub 60 1 2 2
2 Corey Shueneman Jesse Graham 40 1 2 2
Last Minutes Offensive
Center Left Wing Right Wing Defense Defense
Radek Faksa Brendan Perlini Kiefer Sherwood Zac Leslie Artem Zub
Last Minutes Defensive
Center Left Wing Right Wing Defense Defense
Radek Faksa Brendan Perlini Kiefer Sherwood Zac Leslie Artem Zub
Goaltenders
Starting : Justus Annunen
Backup : Olivier Rodrigue
Extra Forwards
Normal : Kiefer Sherwood, Chase De Leo, Carl Grundstrom - PP : Kiefer Sherwood, Chase De Leo - PK : Kiefer Sherwood
Extra Defensemen
Normal : Jesse Graham, Jonas Siegenthaler, Scott Perunovich - PP : Jesse Graham - PK : Jesse Graham, Jonas Siegenthaler
Penalty Shots
Radek Faksa, Brendan Perlini, C.J Suess, Marc Michaelis, Kiefer Sherwood
Custom OT Lines Forwards
Radek Faksa, Brendan Perlini, C.J Suess, Marc Michaelis, Kiefer Sherwood, Chase De Leo, Carl Grundstrom, Vitaly Abramov, Arttu Ruotsalainen, Cliff Pu
Custom OT Lines Defensemen
Zac Leslie, Artem Zub, Corey Shueneman, Jesse Graham, Jonas Siegenthaler
Scratches
Anton Karlsson (Healthy), Ivan Morozov (Healthy), Gustav Forsling (Healthy), Martin Fehervary (Healthy), Alec Regula (Healthy)
Tyler Angle (Healthy), Jett Woo (Healthy), Adam Mascherin (Healthy)
% Time on Ice - Americans
Lines # - Real PCT - Wanted PCT - Time Play
Normal Forward
1 - 38% - 40% - 19:27
2 - 27% - 30% - 13:47
3 - 23% - 20% - 11:50
4 - 12% - 10% - 6:22
Normal Defense
1 - 38% - 40% - 19:46
2 - 30% - 30% - 15:22
3 - 26% - 20% - 13:11
4 - 6% - 10% - 3:07
PP Forward
1 - 100% - 60% - 0:31
2 - 0% - 40% - 0:00
PP Defense
1 - 0% - 60% - 0:00
2 - 100% - 40% - 0:31
PK Forward
1 - 81% - 60% - 5:09
2 - 19% - 40% - 1:13
PK Defense
1 - 76% - 60% - 4:50
2 - 24% - 40% - 1:32
PK3 Forward
1 - 0% - 60%
2 - 0% - 40%
PK3 Defense
1 - 0% - 60%
2 - 0% - 40%
44 Forward
1 - 59% - 60% - 1:00
2 - 41% - 40% - 0:41
44 Defense
1 - 39% - 60% - 0:39
2 - 61% - 40% - 1:02
Last Minute Offensive - 0:00
Last Minute Defensive - 0:00
Total
Forward - 60:00
Defense - 60:00
|
% Time on Ice - Senators
Lines # - Real PCT - Wanted PCT - Time Play
Normal Forward
1 - 37% - 40% - 18:48
2 - 27% - 30% - 14:03
3 - 22% - 20% - 11:32
4 - 14% - 10% - 7:03
Normal Defense
1 - 38% - 40% - 19:42
2 - 33% - 30% - 17:01
3 - 23% - 20% - 11:41
4 - 6% - 10% - 3:02
PP Forward
1 - 56% - 60% - 3:34
2 - 44% - 40% - 2:48
PP Defense
1 - 63% - 60% - 4:01
2 - 37% - 40% - 2:21
PK Forward
1 - 100% - 60% - 0:31
2 - 0% - 40% - 0:00
PK Defense
1 - 100% - 60% - 0:31
2 - 0% - 40% - 0:00
PK3 Forward
1 - 0% - 60%
2 - 0% - 40%
PK3 Defense
1 - 0% - 60%
2 - 0% - 40%
44 Forward
1 - 65% - 60% - 1:06
2 - 35% - 40% - 0:35
44 Defense
1 - 47% - 60% - 0:47
2 - 53% - 40% - 0:54
Last Minute Offensive - 0:00
Last Minute Defensive - 0:00
Total
Forward - 60:00
Defense - 60:00
|
Play-by-Play
1st period
0:01 of 1st period - Radek Faksa wins face-off versus Ryan Fitzgerald in neutral zone.
1:00 of 1st period - Minor Penalty to Cliff Pu for Interference.
1:01 of 1st period - Ryan Fitzgerald wins face-off versus Radek Faksa in Senators zone.
1:18 of 1st period - Minor Penalty to Richard Nejezchleb for Interference.
1:19 of 1st period - Radek Faksa wins face-off versus Ryan Fitzgerald in Americans zone.
1:25 of 1st period - Slapshot by Radek Faksa.
1:25 of 1st period - Stopped by Connor Hellebyuk without a rebound.
1:26 of 1st period - Ryan Fitzgerald wins face-off versus Radek Faksa in Americans zone.
1:56 of 1st period - Off-side.
1:57 of 1st period - Vladimir Tkachev wins face-off versus Radek Faksa in neutral zone.
2:04 of 1st period - Backhand shot by Vladimir Tkachev.
2:04 of 1st period - Goal by Vladimir Tkachev - Americans : 1 - Senators : 0.
2:05 of 1st period - Radek Faksa wins face-off versus Ryan Fitzgerald in neutral zone.
2:07 of 1st period - Off-side.
2:08 of 1st period - Ryan Fitzgerald wins face-off versus Radek Faksa in neutral zone.
3:00 of 1st period - Penalty to Cliff Pu is over, Cliff Pu is back on ice.
3:18 of 1st period - Penalty to Richard Nejezchleb is over, Richard Nejezchleb is back on ice.
3:45 of 1st period - Ryan Fitzgerald is hit by Marc Michaelis and loses puck.
3:56 of 1st period - Snap shot by Richard Nejezchleb.
3:56 of 1st period - Deflect By Jesse Graham.
3:56 of 1st period - Shot Misses the Net.
3:56 of 1st period - Puck is out of play.
3:57 of 1st period - Radek Faksa wins face-off versus Peyton Krebs in Senators zone.
4:14 of 1st period - Jesse Graham is hit by Daniel Sprong.
4:24 of 1st period - John Leonard is hit by Chase De Leo and loses puck.
4:31 of 1st period - Wrist shot by Chase De Leo.
4:31 of 1st period - Deflect By C.J Suess.
4:31 of 1st period - Shot Misses the Net.
4:31 of 1st period - Puck is out of play.
4:32 of 1st period - Adam Brooks wins face-off versus Chase De Leo in Americans zone.
5:05 of 1st period - Off-side.
5:06 of 1st period - Michael McCarron wins face-off versus Radek Faksa in neutral zone.
5:16 of 1st period - Off-side.
5:17 of 1st period - Radek Faksa wins face-off versus Ryan Fitzgerald in neutral zone.
5:19 of 1st period - Off-side.
5:20 of 1st period - Radek Faksa wins face-off versus Ryan Fitzgerald in neutral zone.
5:27 of 1st period - Brendan Perlini is hit by Jacob Larsson and loses puck.
5:34 of 1st period - Snap shot by Justin Bailey.
5:34 of 1st period - Goal by Justin Bailey - Americans : 2 - Senators : 0.
5:35 of 1st period - Ryan Fitzgerald wins face-off versus Chase De Leo in neutral zone.
6:06 of 1st period - Wrist shot by Marc Michaelis.
6:06 of 1st period - Deflect By Arttu Ruotsalainen.
6:06 of 1st period - Stopped by Connor Hellebyuk with a rebound.
6:08 of 1st period - Slapshot by Corey Shueneman.
6:08 of 1st period - Shot Misses the Net.
6:26 of 1st period - Artem Zub is hit by Alex Schoenborn and loses puck.
6:33 of 1st period - Slapshot by Brendan Perlini.
6:33 of 1st period - Stopped by Connor Hellebyuk without a rebound.
6:34 of 1st period - Ryan Fitzgerald wins face-off versus Chase De Leo in Americans zone.
6:49 of 1st period - Snap shot by C.J Suess.
6:49 of 1st period - Shot Misses the Net.
7:26 of 1st period - Wrist shot by Michael McCarron.
7:26 of 1st period - Shot Hit the Post.
7:41 of 1st period - Icing by Jesse Graham.
7:42 of 1st period - Adam Brooks wins face-off versus Akil Thomas in Senators zone.
7:49 of 1st period - Snap shot by Adam Brooks.
7:49 of 1st period - Shot Misses the Net.
7:57 of 1st period - Snap shot by Vitaly Abramov.
7:57 of 1st period - Goal by Vitaly Abramov - Americans : 2 - Senators : 1.
7:58 of 1st period - Radek Faksa wins face-off versus Ryan Fitzgerald in neutral zone.
8:02 of 1st period - Off-side.
8:03 of 1st period - Kiefer Sherwood wins face-off versus Ryan Fitzgerald in neutral zone.
8:14 of 1st period - Wrist shot by Brendan Perlini.
8:14 of 1st period - Stopped by Connor Hellebyuk with a rebound.
8:50 of 1st period - Snap shot by Arttu Ruotsalainen.
8:50 of 1st period - Stopped by Connor Hellebyuk with a rebound.
9:08 of 1st period - Jonas Siegenthaler is hit by Xavier Bouchard and loses puck.
9:17 of 1st period - Wrist shot by Adam Brooks.
9:17 of 1st period - Shot Misses the Net.
9:19 of 1st period - Wrist shot by Jacob Larsson.
9:19 of 1st period - Stopped by Justus Annunen without a rebound.
9:20 of 1st period - Ryan Fitzgerald wins face-off versus Radek Faksa in Senators zone.
9:21 of 1st period - Snap shot by Justin Bailey.
9:21 of 1st period - Stopped by Justus Annunen with a rebound.
9:27 of 1st period - Snap shot by Brendan Perlini.
9:27 of 1st period - Stopped by Connor Hellebyuk without a rebound.
9:28 of 1st period - Radek Faksa wins face-off versus Ryan Fitzgerald in Americans zone.
9:53 of 1st period - Carl Grundstrom is hit by Daniel Sprong and loses puck.
10:14 of 1st period - Wrist shot by Alex Schoenborn.
10:14 of 1st period - Stopped by Justus Annunen with a rebound.
10:31 of 1st period - Off-side.
10:32 of 1st period - Ryan Fitzgerald wins face-off versus Akil Thomas in neutral zone.
10:39 of 1st period - Slapshot by Ryan Fitzgerald.
10:39 of 1st period - Shot Blocked by Scott Perunovich.
10:41 of 1st period - Slapshot by Richard Nejezchleb.
10:41 of 1st period - Stopped by Justus Annunen with a rebound.
11:18 of 1st period - Slapshot by Matt Grzelcyk.
11:18 of 1st period - Shot Misses the Net.
11:37 of 1st period - Off-side.
11:38 of 1st period - Adam Brooks wins face-off versus Arttu Ruotsalainen in neutral zone.
11:44 of 1st period - Off-side.
11:45 of 1st period - Ryan Fitzgerald wins face-off versus Radek Faksa in neutral zone.
12:35 of 1st period - Wrist shot by Jacob Larsson.
12:35 of 1st period - Stopped by Justus Annunen with a rebound.
12:37 of 1st period - Snap shot by John Leonard.
12:37 of 1st period - Stopped by Justus Annunen without a rebound.
12:38 of 1st period - Arttu Ruotsalainen wins face-off versus Ryan Fitzgerald in Senators zone.
12:56 of 1st period - Snap shot by Arttu Ruotsalainen.
12:56 of 1st period - Shot Misses the Net.
13:08 of 1st period - Slapshot by Cliff Pu.
13:08 of 1st period - Shot Blocked by Jacob Larsson.
13:10 of 1st period - Slapshot by Scott Perunovich.
13:10 of 1st period - Shot Blocked by Ryan Fitzgerald.
13:12 of 1st period - Slapshot by Arttu Ruotsalainen.
13:12 of 1st period - Stopped by Connor Hellebyuk without a rebound.
13:13 of 1st period - Peyton Krebs wins face-off versus Radek Faksa in Americans zone.
13:45 of 1st period - Slapshot by Radek Faksa.
13:45 of 1st period - Stopped by Connor Hellebyuk with a rebound.
14:22 of 1st period - Icing by Justin Bailey.
14:23 of 1st period - Akil Thomas wins face-off versus Ryan Fitzgerald in Americans zone.
14:28 of 1st period - Snap shot by Vitaly Abramov.
14:28 of 1st period - Stopped by Connor Hellebyuk with a rebound.
14:52 of 1st period - Slapshot by Dillon Heatherington.
14:52 of 1st period - Stopped by Justus Annunen without a rebound.
14:53 of 1st period - Radek Faksa wins face-off versus Michael McCarron in Senators zone.
15:18 of 1st period - Ryan Fitzgerald is hit by C.J Suess and loses puck.
15:24 of 1st period - Off-side.
15:25 of 1st period - Radek Faksa wins face-off versus Vladimir Tkachev in neutral zone.
15:41 of 1st period - Icing by Zac Leslie.
15:42 of 1st period - Ryan Fitzgerald wins face-off versus Radek Faksa in Senators zone.
15:45 of 1st period - Snap shot by Justin Bailey.
15:45 of 1st period - Shot Blocked by Artem Zub.
16:27 of 1st period - Slapshot by Brendan Perlini.
16:27 of 1st period - Shot Misses the Net.
16:55 of 1st period - Snap shot by Brendan Perlini.
16:55 of 1st period - Shot Misses the Net.
16:57 of 1st period - Wrist shot by Kiefer Sherwood.
16:57 of 1st period - Stopped by Connor Hellebyuk with a rebound.
16:59 of 1st period - Snap shot by Kiefer Sherwood.
16:59 of 1st period - Shot Misses the Net.
17:03 of 1st period - Slapshot by Radek Faksa.
17:03 of 1st period - Stopped by Connor Hellebyuk without a rebound.
17:04 of 1st period - Peyton Krebs wins face-off versus Chase De Leo in Americans zone.
17:11 of 1st period - Snap shot by Vladimir Tkachev.
17:11 of 1st period - Deflect By Peyton Krebs.
17:11 of 1st period - Stopped by Justus Annunen with a rebound.
17:15 of 1st period - Snap shot by Vladimir Tkachev.
17:15 of 1st period - Shot Misses the Net.
17:17 of 1st period - Slapshot by Jacob Larsson.
17:17 of 1st period - Stopped by Justus Annunen without a rebound.
17:18 of 1st period - Vladimir Tkachev wins face-off versus Chase De Leo in Senators zone.
17:19 of 1st period - Wrist shot by Jacob Larsson.
17:19 of 1st period - Shot Blocked by C.J Suess.
17:33 of 1st period - Snap shot by Carl Grundstrom.
17:33 of 1st period - Stopped by Connor Hellebyuk with a rebound.
18:05 of 1st period - Off-side.
18:06 of 1st period - Michael McCarron wins face-off versus Vitaly Abramov in neutral zone.
18:11 of 1st period - Snap shot by Michael McCarron.
18:11 of 1st period - Shot Misses the Net.
18:13 of 1st period - Wrist shot by Michael McCarron.
18:13 of 1st period - Shot Misses the Net.
18:15 of 1st period - Snap shot by Michael McCarron.
18:15 of 1st period - Shot Blocked by Artem Zub.
18:41 of 1st period - Chase De Leo is hit by Vladimir Tkachev and loses puck.
18:56 of 1st period - Wrist shot by Adam Brooks.
18:56 of 1st period - Deflect By Zachary Senyshyn.
18:56 of 1st period - Stopped by Justus Annunen with a rebound.
19:01 of 1st period - Off-side.
19:02 of 1st period - Radek Faksa wins face-off versus Ryan Fitzgerald in neutral zone.
19:13 of 1st period - Icing by Devon Teows.
19:14 of 1st period - Ryan Fitzgerald wins face-off versus Chase De Leo in Americans zone.
19:26 of 1st period - Snap shot by Justin Bailey.
19:26 of 1st period - Shot Misses the Net.
19:28 of 1st period - Snap shot by Richard Nejezchleb.
19:28 of 1st period - Stopped by Justus Annunen with a rebound.
19:30 of 1st period - Snap shot by Justin Bailey.
19:30 of 1st period - Shot Blocked by Zac Leslie.
19:32 of 1st period - Snap shot by Dillon Heatherington.
19:32 of 1st period - Shot Misses the Net.
19:34 of 1st period - Slapshot by Devon Teows.
19:34 of 1st period - Stopped by Justus Annunen without a rebound.
19:35 of 1st period - Peyton Krebs wins face-off versus Radek Faksa in Senators zone.
19:42 of 1st period - Snap shot by Vladimir Tkachev.
19:42 of 1st period - Stopped by Justus Annunen with a rebound.
19:49 of 1st period - Minor Penalty to Peyton Krebs for Tripping.
19:50 of 1st period - Ryan Fitzgerald wins face-off versus Brendan Perlini in Americans zone.
19:52 of 1st period - Slapshot by Brendan Perlini.
19:52 of 1st period - Stopped by Connor Hellebyuk with a rebound.
19:54 of 1st period - Slapshot by Kiefer Sherwood.
19:54 of 1st period - Stopped by Connor Hellebyuk with a rebound.
19:56 of 1st period - Slapshot by Artem Zub.
19:56 of 1st period - Deflect By Ryan Fitzgerald.
19:56 of 1st period - Goal by Artem Zub - Americans : 2 - Senators : 2.
19:57 of 1st period - Chase De Leo wins face-off versus Daniel Sprong in neutral zone.
Goals for this period are 2 for Americans vs 2 for Senators.
Shots for this period are 15 for Americans vs 16 for Senators.
2nd period
0:01 of 2nd period - Radek Faksa wins face-off versus Peyton Krebs in neutral zone.
0:06 of 2nd period - Wrist shot by Brendan Perlini.
0:06 of 2nd period - Shot Misses the Net.
0:08 of 2nd period - Snap shot by Brendan Perlini.
0:08 of 2nd period - Stopped by Connor Hellebyuk without a rebound.
0:09 of 2nd period - Brendan Perlini wins face-off versus Peyton Krebs in Americans zone.
0:33 of 2nd period - Slapshot by Brendan Perlini.
0:33 of 2nd period - Shot Misses the Net.
0:35 of 2nd period - Slapshot by Kiefer Sherwood.
0:35 of 2nd period - Stopped by Connor Hellebyuk without a rebound.
0:36 of 2nd period - Ryan Fitzgerald wins face-off versus Chase De Leo in Americans zone.
0:36 of 2nd period - Ryan Fitzgerald is hit by C.J Suess.
0:46 of 2nd period - Slapshot by Jacob Larsson.
0:46 of 2nd period - Stopped by Justus Annunen without a rebound.
0:47 of 2nd period - Chase De Leo wins face-off versus Ryan Fitzgerald in Senators zone.
0:47 of 2nd period - Chase De Leo is hit by Devon Teows.
1:14 of 2nd period - Devon Teows is hit by Radek Faksa.
1:38 of 2nd period - John Leonard is hit by Marc Michaelis and loses puck.
2:52 of 2nd period - Snap shot by Michael McCarron.
2:52 of 2nd period - Stopped by Justus Annunen with a rebound.
2:54 of 2nd period - Slapshot by Spencer Stastney.
2:54 of 2nd period - Stopped by Justus Annunen without a rebound.
2:55 of 2nd period - Marc Michaelis wins face-off versus John Leonard in Senators zone.
3:08 of 2nd period - Slapshot by Zac Leslie.
3:08 of 2nd period - Deflect By Dillon Heatherington.
3:08 of 2nd period - Stopped by Connor Hellebyuk with a rebound.
3:10 of 2nd period - Snap shot by Marc Michaelis.
3:10 of 2nd period - Shot Misses the Net.
3:14 of 2nd period - Slapshot by Artem Zub.
3:14 of 2nd period - Stopped by Connor Hellebyuk with a rebound.
3:16 of 2nd period - Snap shot by Cliff Pu.
3:16 of 2nd period - Stopped by Connor Hellebyuk without a rebound.
3:17 of 2nd period - Ryan Fitzgerald wins face-off versus Chase De Leo in Americans zone.
3:28 of 2nd period - Slapshot by Ryan Fitzgerald.
3:28 of 2nd period - Shot Blocked by Jesse Graham.
3:30 of 2nd period - Slapshot by Jacob Larsson.
3:30 of 2nd period - Stopped by Justus Annunen with a rebound.
3:32 of 2nd period - Snap shot by Jacob Larsson.
3:32 of 2nd period - Shot Blocked by Jesse Graham.
3:42 of 2nd period - Matt Grzelcyk is hit by Radek Faksa and loses puck.
3:53 of 2nd period - Snap shot by Brendan Perlini.
3:53 of 2nd period - Stopped by Connor Hellebyuk with a rebound.
4:28 of 2nd period - Snap shot by Vitaly Abramov.
4:28 of 2nd period - Stopped by Connor Hellebyuk with a rebound.
4:48 of 2nd period - Slapshot by Richard Nejezchleb.
4:48 of 2nd period - Shot Misses the Net.
4:50 of 2nd period - Snap shot by Richard Nejezchleb.
4:50 of 2nd period - Stopped by Justus Annunen with a rebound.
4:52 of 2nd period - Snap shot by Justin Bailey.
4:52 of 2nd period - Stopped by Justus Annunen without a rebound.
4:53 of 2nd period - Radek Faksa wins face-off versus Ryan Fitzgerald in Senators zone.
5:06 of 2nd period - Snap shot by Ryan Fitzgerald.
5:06 of 2nd period - Shot Misses the Net.
5:10 of 2nd period - Slapshot by Justin Bailey.
5:10 of 2nd period - Shot Misses the Net.
5:12 of 2nd period - Snap shot by Justin Bailey.
5:12 of 2nd period - Stopped by Justus Annunen without a rebound.
5:13 of 2nd period - Peyton Krebs wins face-off versus Chase De Leo in Senators zone.
5:45 of 2nd period - Dillon Heatherington is hit by Kiefer Sherwood and loses puck.
6:24 of 2nd period - Snap shot by Jacob Larsson.
6:24 of 2nd period - Shot Blocked by Zac Leslie.
6:26 of 2nd period - Wrist shot by Zachary Senyshyn.
6:26 of 2nd period - Shot Blocked by Zac Leslie.
6:28 of 2nd period - Slapshot by Adam Brooks.
6:28 of 2nd period - Stopped by Justus Annunen without a rebound.
6:29 of 2nd period - Radek Faksa wins face-off versus Ryan Fitzgerald in Senators zone.
6:53 of 2nd period - Icing by Matt Grzelcyk.
6:54 of 2nd period - Chase De Leo wins face-off versus Peyton Krebs in Americans zone.
7:55 of 2nd period - Wrist shot by Jesse Graham.
7:55 of 2nd period - Shot Blocked by Zachary Senyshyn.
7:57 of 2nd period - Wrist shot by Arttu Ruotsalainen.
7:57 of 2nd period - Shot Misses the Net.
8:06 of 2nd period - Off-side.
8:07 of 2nd period - Peyton Krebs wins face-off versus Akil Thomas in neutral zone.
8:32 of 2nd period - Justin Bailey is hit by Radek Faksa.
10:36 of 2nd period - Slapshot by Vladimir Tkachev.
10:36 of 2nd period - Shot Blocked by Marc Michaelis.
10:38 of 2nd period - Snap shot by Devon Teows.
10:38 of 2nd period - Shot Blocked by Jesse Graham.
10:42 of 2nd period - Snap shot by Vladimir Tkachev.
10:42 of 2nd period - Deflect By Corey Shueneman.
10:42 of 2nd period - Stopped by Justus Annunen with a rebound.
10:57 of 2nd period - Icing by Radek Faksa.
10:58 of 2nd period - Radek Faksa wins face-off versus Ryan Fitzgerald in Senators zone.
11:04 of 2nd period - Slapshot by Jesse Graham.
11:04 of 2nd period - Shot Blocked by Jacob Larsson.
11:06 of 2nd period - Snap shot by Kiefer Sherwood.
11:06 of 2nd period - Shot Misses the Net.
11:13 of 2nd period - Icing by Matt Grzelcyk.
11:14 of 2nd period - Chase De Leo wins face-off versus Ryan Fitzgerald in Americans zone.
11:19 of 2nd period - Snap shot by Chase De Leo.
11:19 of 2nd period - Stopped by Connor Hellebyuk without a rebound.
11:20 of 2nd period - Chase De Leo wins face-off versus Ryan Fitzgerald in Americans zone.
11:44 of 2nd period - Off-side.
11:45 of 2nd period - Peyton Krebs wins face-off versus Radek Faksa in neutral zone.
12:36 of 2nd period - Snap shot by Radek Faksa.
12:36 of 2nd period - Stopped by Connor Hellebyuk with a rebound.
12:56 of 2nd period - Wrist shot by Peyton Krebs.
12:56 of 2nd period - Shot Misses the Net.
12:58 of 2nd period - Slapshot by Dillon Heatherington.
12:58 of 2nd period - Stopped by Justus Annunen without a rebound.
12:59 of 2nd period - Carl Grundstrom wins face-off versus Ryan Fitzgerald in Senators zone.
12:59 of 2nd period - Carl Grundstrom is hit by Justin Bailey.
13:21 of 2nd period - Icing by Zac Leslie.
13:22 of 2nd period - Michael McCarron wins face-off versus Chase De Leo in Senators zone.
13:23 of 2nd period - Snap shot by John Leonard.
13:23 of 2nd period - Shot Misses the Net.
13:35 of 2nd period - Snap shot by Chase De Leo.
13:35 of 2nd period - Shot Misses the Net.
13:37 of 2nd period - Slapshot by Zac Leslie.
13:37 of 2nd period - Shot Blocked by Xavier Bouchard.
13:39 of 2nd period - Slapshot by Zac Leslie.
13:39 of 2nd period - Stopped by Connor Hellebyuk with a rebound.
13:41 of 2nd period - Slapshot by Artem Zub.
13:41 of 2nd period - Deflect By C.J Suess.
13:41 of 2nd period - Shot Misses the Net.
13:41 of 2nd period - Puck is out of play.
13:42 of 2nd period - Ryan Fitzgerald wins face-off versus Arttu Ruotsalainen in Americans zone.
13:47 of 2nd period - Slapshot by Dillon Heatherington.
13:47 of 2nd period - Deflect By Justin Bailey.
13:47 of 2nd period - Shot Blocked by Jonas Siegenthaler.
13:47 of 2nd period - Puck is out of play.
13:48 of 2nd period - Ryan Fitzgerald wins face-off versus Marc Michaelis in Senators zone.
14:04 of 2nd period - Minor Penalty to Devon Teows for Roughing.
14:05 of 2nd period - Radek Faksa wins face-off versus Ryan Fitzgerald in Americans zone.
15:29 of 2nd period - C.J Suess is hit by Vladimir Tkachev and loses puck.
15:56 of 2nd period - Chase De Leo is hit by Spencer Stastney and loses puck.
16:04 of 2nd period - Penalty to Devon Teows is over, Devon Teows is back on ice.
16:19 of 2nd period - Snap shot by Vitaly Abramov.
16:19 of 2nd period - Stopped by Connor Hellebyuk without a rebound.
16:20 of 2nd period - Michael McCarron wins face-off versus Akil Thomas in Americans zone.
16:59 of 2nd period - Snap shot by Artem Zub.
16:59 of 2nd period - Shot Blocked by Xavier Bouchard.
17:42 of 2nd period - Snap shot by Vitaly Abramov.
17:42 of 2nd period - Shot Hit the Post.
17:55 of 2nd period - Slapshot by Vladimir Tkachev.
17:55 of 2nd period - Shot Blocked by Zac Leslie.
17:57 of 2nd period - Slapshot by Spencer Stastney.
17:57 of 2nd period - Stopped by Justus Annunen without a rebound.
17:58 of 2nd period - Radek Faksa wins face-off versus Ryan Fitzgerald in Senators zone.
18:23 of 2nd period - Dillon Heatherington is hit by Jesse Graham and loses puck.
18:34 of 2nd period - Snap shot by C.J Suess.
18:34 of 2nd period - Stopped by Connor Hellebyuk without a rebound.
18:35 of 2nd period - Radek Faksa wins face-off versus Ryan Fitzgerald in Americans zone.
18:46 of 2nd period - Snap shot by Brendan Perlini.
18:46 of 2nd period - Shot Blocked by Jacob Larsson.
19:00 of 2nd period - Chase De Leo is hit by Michael McCarron and loses puck.
19:29 of 2nd period - Snap shot by Arttu Ruotsalainen.
19:29 of 2nd period - Stopped by Connor Hellebyuk without a rebound.
19:30 of 2nd period - Radek Faksa wins face-off versus Ryan Fitzgerald in Americans zone.
19:31 of 2nd period - Snap shot by Brendan Perlini.
19:31 of 2nd period - Shot Misses the Net.
19:33 of 2nd period - Wrist shot by Kiefer Sherwood.
19:33 of 2nd period - Stopped by Connor Hellebyuk with a rebound.
19:35 of 2nd period - Snap shot by Kiefer Sherwood.
19:35 of 2nd period - Goal by Kiefer Sherwood - Americans : 2 - Senators : 3.
19:36 of 2nd period - Ryan Fitzgerald wins face-off versus Radek Faksa in neutral zone.
Goals for this period are 0 for Americans vs 1 for Senators.
Shots for this period are 11 for Americans vs 15 for Senators.
3rd period
0:01 of 3rd period - Radek Faksa wins face-off versus Ryan Fitzgerald in neutral zone.
0:26 of 3rd period - Peyton Krebs is hit by Chase De Leo and loses puck.
0:55 of 3rd period - Slapshot by Dillon Heatherington.
0:55 of 3rd period - Stopped by Justus Annunen without a rebound.
0:56 of 3rd period - Ryan Fitzgerald wins face-off versus Radek Faksa in Senators zone.
0:57 of 3rd period - Wrist shot by Richard Nejezchleb.
0:57 of 3rd period - Stopped by Justus Annunen without a rebound.
0:58 of 3rd period - Ryan Fitzgerald wins face-off versus Radek Faksa in Senators zone.
1:32 of 3rd period - Wrist shot by Chase De Leo.
1:32 of 3rd period - Shot Blocked by Jacob Larsson.
2:21 of 3rd period - Bryce Kindopp is hit by Devon Teows and loses puck.
3:18 of 3rd period - Carl Grundstrom is hit by Xavier Bouchard and loses puck.
3:30 of 3rd period - Off-side.
3:31 of 3rd period - Arttu Ruotsalainen wins face-off versus Felix Bibeau in neutral zone.
3:40 of 3rd period - Slapshot by Jesse Graham.
3:40 of 3rd period - Stopped by Connor Hellebyuk without a rebound.
3:41 of 3rd period - Brendan Perlini wins face-off versus Ryan Fitzgerald in Americans zone.
4:14 of 3rd period - Wrist shot by C.J Suess.
4:14 of 3rd period - Deflect By Chase De Leo.
4:14 of 3rd period - Shot Misses the Net.
4:14 of 3rd period - Puck is out of play.
4:15 of 3rd period - Ryan Fitzgerald wins face-off versus Chase De Leo in Americans zone.
4:22 of 3rd period - Snap shot by Carl Grundstrom.
4:22 of 3rd period - Deflect By Matt Grzelcyk.
4:22 of 3rd period - Shot Blocked by Richard Nejezchleb.
4:22 of 3rd period - Puck is out of play.
4:23 of 3rd period - Ryan Fitzgerald wins face-off versus Chase De Leo in Americans zone.
4:28 of 3rd period - Carl Grundstrom is hit by Justin Bailey and loses puck.
5:23 of 3rd period - Slapshot by Ryan Fitzgerald.
5:23 of 3rd period - Deflect By Richard Nejezchleb.
5:23 of 3rd period - Stopped by Justus Annunen without a rebound.
5:24 of 3rd period - Radek Faksa wins face-off versus Peyton Krebs in Senators zone.
5:56 of 3rd period - Jesse Graham is hit by Xavier Bouchard and loses puck.
5:59 of 3rd period - Minor Penalty to Alex Schoenborn for Cross-checking.
6:00 of 3rd period - Ryan Fitzgerald wins face-off versus Radek Faksa in Americans zone.
7:06 of 3rd period - Backhand shot by Matt Grzelcyk.
7:06 of 3rd period - Stopped by Justus Annunen without a rebound.
7:07 of 3rd period - Chase De Leo wins face-off versus Vladimir Tkachev in Senators zone.
7:59 of 3rd period - Penalty to Alex Schoenborn is over, Alex Schoenborn is back on ice.
8:05 of 3rd period - Snap shot by Alex Schoenborn.
8:05 of 3rd period - Stopped by Justus Annunen with a rebound.
8:08 of 3rd period - Icing by Corey Shueneman.
8:09 of 3rd period - Arttu Ruotsalainen wins face-off versus Michael McCarron in Senators zone.
8:09 of 3rd period - Arttu Ruotsalainen is hit by Alex Schoenborn.
8:41 of 3rd period - Wrist shot by Michael McCarron.
8:41 of 3rd period - Shot Misses the Net.
9:09 of 3rd period - Snap shot by Arttu Ruotsalainen.
9:09 of 3rd period - Shot Misses the Net.
9:11 of 3rd period - Snap shot by Arttu Ruotsalainen.
9:11 of 3rd period - Shot Blocked by Xavier Bouchard.
9:43 of 3rd period - Michael McCarron is hit by Corey Shueneman and loses puck.
10:22 of 3rd period - Wrist shot by Marc Michaelis.
10:22 of 3rd period - Stopped by Connor Hellebyuk without a rebound.
10:23 of 3rd period - Ryan Fitzgerald wins face-off versus Radek Faksa in Americans zone.
10:49 of 3rd period - C.J Suess is hit by Vladimir Tkachev and loses puck.
11:12 of 3rd period - Snap shot by Adam Brooks.
11:12 of 3rd period - Deflect By Zachary Senyshyn.
11:12 of 3rd period - Shot Misses the Net.
11:12 of 3rd period - Puck is out of play.
11:13 of 3rd period - Adam Brooks wins face-off versus Akil Thomas in Senators zone.
11:14 of 3rd period - Slapshot by Dillon Heatherington.
11:14 of 3rd period - Stopped by Justus Annunen with a rebound.
11:16 of 3rd period - Slapshot by Dillon Heatherington.
11:16 of 3rd period - Stopped by Justus Annunen with a rebound.
12:00 of 3rd period - Slapshot by Chase De Leo.
12:00 of 3rd period - Deflect By C.J Suess.
12:00 of 3rd period - Shot Misses the Net.
12:00 of 3rd period - Puck is out of play.
12:01 of 3rd period - Peyton Krebs wins face-off versus Carl Grundstrom in Americans zone.
12:46 of 3rd period - Snap shot by Zachary Senyshyn.
12:46 of 3rd period - Shot Misses the Net.
12:48 of 3rd period - Snap shot by Zachary Senyshyn.
12:48 of 3rd period - Goal by Zachary Senyshyn - Americans : 3 - Senators : 3.
12:49 of 3rd period - Ryan Fitzgerald wins face-off versus Radek Faksa in neutral zone.
13:02 of 3rd period - Snap shot by Brendan Perlini.
13:02 of 3rd period - Goal by Brendan Perlini - Americans : 3 - Senators : 4.
13:03 of 3rd period - Radek Faksa wins face-off versus Ryan Fitzgerald in neutral zone.
13:06 of 3rd period - Slapshot by Brendan Perlini.
13:06 of 3rd period - Stopped by Connor Hellebyuk without a rebound.
13:07 of 3rd period - Radek Faksa wins face-off versus Ryan Fitzgerald in Americans zone.
14:24 of 3rd period - Snap shot by Dillon Heatherington.
14:24 of 3rd period - Stopped by Justus Annunen without a rebound.
14:25 of 3rd period - Michael McCarron wins face-off versus Arttu Ruotsalainen in Senators zone.
14:29 of 3rd period - Minor Penalty to Scott Perunovich for Hooking.
14:30 of 3rd period - Ryan Fitzgerald wins face-off versus Radek Faksa in Senators zone.
14:32 of 3rd period - Snap shot by Justin Bailey.
14:32 of 3rd period - Shot Misses the Net.
14:34 of 3rd period - Slapshot by Matt Grzelcyk.
14:34 of 3rd period - Shot Misses the Net.
14:36 of 3rd period - Snap shot by Justin Bailey.
14:36 of 3rd period - Shot Misses the Net.
14:38 of 3rd period - Wrist shot by Richard Nejezchleb.
14:38 of 3rd period - Shot Misses the Net.
14:40 of 3rd period - Snap shot by Ryan Fitzgerald.
14:40 of 3rd period - Deflect By Radek Faksa.
14:40 of 3rd period - Stopped by Justus Annunen with a rebound.
14:42 of 3rd period - Snap shot by Ryan Fitzgerald.
14:42 of 3rd period - Goal by Ryan Fitzgerald - Americans : 4 - Senators : 4.
14:43 of 3rd period - Ryan Fitzgerald wins face-off versus Radek Faksa in neutral zone.
16:00 of 3rd period - Wrist shot by Carl Grundstrom.
16:00 of 3rd period - Shot Misses the Net.
16:02 of 3rd period - Slapshot by Carl Grundstrom.
16:02 of 3rd period - Shot Blocked by Xavier Bouchard.
16:08 of 3rd period - Snap shot by C.J Suess.
16:08 of 3rd period - Stopped by Connor Hellebyuk without a rebound.
16:09 of 3rd period - Peyton Krebs wins face-off versus Radek Faksa in Americans zone.
16:18 of 3rd period - Snap shot by Peyton Krebs.
16:18 of 3rd period - Shot Blocked by Zac Leslie.
16:20 of 3rd period - Slapshot by Devon Teows.
16:20 of 3rd period - Shot Misses the Net.
16:41 of 3rd period - Snap shot by Corey Shueneman.
16:41 of 3rd period - Shot Misses the Net.
16:43 of 3rd period - Snap shot by Corey Shueneman.
16:43 of 3rd period - Shot Misses the Net.
16:45 of 3rd period - Snap shot by Brendan Perlini.
16:45 of 3rd period - Stopped by Connor Hellebyuk with a rebound.
16:47 of 3rd period - Wrist shot by Brendan Perlini.
16:47 of 3rd period - Stopped by Connor Hellebyuk with a rebound.
16:49 of 3rd period - Slapshot by Jesse Graham.
16:49 of 3rd period - Stopped by Connor Hellebyuk without a rebound.
16:50 of 3rd period - Marc Michaelis wins face-off versus Ryan Fitzgerald in Americans zone.
17:08 of 3rd period - Minor Penalty to Richard Nejezchleb for Cross-checking.
17:09 of 3rd period - Radek Faksa wins face-off versus Ryan Fitzgerald in Americans zone.
19:08 of 3rd period - Penalty to Richard Nejezchleb is over, Richard Nejezchleb is back on ice.
Goals for this period are 2 for Americans vs 1 for Senators.
Shots for this period are 11 for Americans vs 8 for Senators.
Overtime #1
0:01 of 1st overtime period - Justin Bailey wins face-off versus Radek Faksa in neutral zone.
0:26 of 1st overtime period - C.J Suess is hit by Richard Nejezchleb and loses puck.
0:31 of 1st overtime period - Slapshot by Richard Nejezchleb.
0:31 of 1st overtime period - Shot Misses the Net.
0:33 of 1st overtime period - Wrist shot by Richard Nejezchleb.
0:33 of 1st overtime period - Shot Misses the Net.
1:27 of 1st overtime period - Carl Grundstrom is hit by Ryan Fitzgerald and loses puck.
1:54 of 1st overtime period - Corey Shueneman is hit by Ryan Fitzgerald and loses puck.
2:13 of 1st overtime period - Kiefer Sherwood is hit by Adam Brooks and loses puck.
2:25 of 1st overtime period - Icing by Zac Leslie.
2:26 of 1st overtime period - Radek Faksa wins face-off versus Justin Bailey in Senators zone.
2:49 of 1st overtime period - Off-side.
2:50 of 1st overtime period - Marc Michaelis wins face-off versus Richard Nejezchleb in neutral zone.
2:55 of 1st overtime period - Wrist shot by Marc Michaelis.
2:55 of 1st overtime period - Shot Misses the Net.
3:03 of 1st overtime period - Wrist shot by C.J Suess.
3:03 of 1st overtime period - Shot Misses the Net.
3:05 of 1st overtime period - Snap shot by Marc Michaelis.
3:05 of 1st overtime period - Stopped by Connor Hellebyuk without a rebound.
3:06 of 1st overtime period - Justin Bailey wins face-off versus Radek Faksa in Americans zone.
4:14 of 1st overtime period - Kiefer Sherwood is hit by Vladimir Tkachev and loses puck.
4:25 of 1st overtime period - Slapshot by Jacob Larsson.
4:25 of 1st overtime period - Stopped by Justus Annunen with a rebound.
4:35 of 1st overtime period - Jacob Larsson is hit by Brendan Perlini and loses puck.
Goals for this period are 0 for Americans vs 0 for Senators.
Shots for this period are 1 for Americans vs 1 for Senators.
ShootOut
5:00 of 1st overtime period - Round #1.
5:00 of 1st overtime period - Americans, Justin Bailey.
5:00 of 1st overtime period - Deke by Justin Bailey.
5:00 of 1st overtime period - Shot Misses the Net.
5:00 of 1st overtime period - Senators, Radek Faksa.
5:00 of 1st overtime period - Snap shot by Radek Faksa.
5:00 of 1st overtime period - Stopped by Connor Hellebyuk.
5:00 of 1st overtime period - Round #2.
5:00 of 1st overtime period - Americans, Ryan Fitzgerald.
5:00 of 1st overtime period - Wrist shot by Ryan Fitzgerald.
5:00 of 1st overtime period - Goal by Ryan Fitzgerald.
5:00 of 1st overtime period - Senators, Brendan Perlini.
5:00 of 1st overtime period - Deke by Brendan Perlini.
5:00 of 1st overtime period - Stopped by Connor Hellebyuk.
5:00 of 1st overtime period - Round #3.
5:00 of 1st overtime period - Americans, Adam Brooks.
5:00 of 1st overtime period - Wrist shot by Adam Brooks.
5:00 of 1st overtime period - Stopped by Justus Annunen.
5:00 of 1st overtime period - Senators, C.J Suess.
5:00 of 1st overtime period - Deke by C.J Suess.
5:00 of 1st overtime period - Stopped by Connor Hellebyuk.